 Dungeon Crawl Stone Soup version 0.26.1-2-gb8aa6d0cf2 (webtiles) character file.

Game seed: 3942785177704059988

16396 DearestLeader the Unseen (level 12, -3/51 HPs)
             Began as a Spriggan Enchanter on Mar 30, 2021.
             Was an Elder of Dithmenos.
             Slain by a wolf spider (22 damage)
             ... in a Gauntlet on Mar 31, 2021.
             The game lasted 00:45:07 (15765 turns).

DearestLeader the Unseen (Spriggan Enchanter)      Turns: 15765, Time: 00:45:08

Health: -3/51      AC:  6    Str:  4    XL:     12   Next: 9%
Magic:  17/19      EV: 24    Int: 27    God:    Dithmenos [****..]
Gold:   734        SH:  0    Dex: 16    Spells: 7/19 levels left

rFire    . . .     SeeInvis +   G - +1 dagger (speed)
rCold    . . .     Faith    .   (shield restricted)
rNeg     . . .     Spirit   .   E - +1 robe "Giuh Deinku" {Regen+ Int+5}
rPois    .         Reflect  .   (helmet restricted)
rElec    .         Harm     .   M - +2 cloak {Stlth+}
rCorr    .         Rampage  .   (gloves unavailable)
Will     ++...     NoTele   +   (boots unavailable)
Stlth    ++++++++++             (no amulet)
HPRegen  0.57/turn              (no ring)
MPRegen  0.16/turn              (no ring)

@: lethally poisoned (-3 -> -17), wreathed by umbra, very quick
A: very small, unfitting armour, see invisible, speed 3
a: Renounce Religion, Shadow Step


You were in a Gauntlet.
You worshipped Dithmenos.
Dithmenos was greatly pleased with you.
You visited 2 branches of the dungeon, and saw 13 of its levels.
You also visited: Gauntlet.

You collected 734 gold pieces.

Inventory:

Hand Weapons
 i - a +0 hunting sling
 G - a +1 dagger of speed (weapon)
Missiles
 d - 481 stones
 m - 98 sling bullets
Armour
 v - a +2 robe
 w - a scarf of invisibility
 E - the +1 robe "Giuh Deinku" (worn) {Regen+ Int+5}
   (You found it on level 7 of the Dungeon)

   It affects your intelligence (+5).
   It increases your rate of regeneration.
 I - +0 steam dragon scales
 L - a +2 cloak of willpower
 M - a +2 cloak of stealth (worn)
 R - a +0 buckler
 S - a +0 hat of intelligence
Jewellery
 g - an uncursed amulet of faith
Wands
 b - a wand of iceblast (8)
 h - a wand of flame (52)
 p - a wand of enslavement (3)
 u - a wand of polymorph (12)
 N - a wand of paralysis (11)
 O - a wand of acid (16)
 P - a wand of digging (4)
Scrolls
 e - a scroll of vulnerability
 f - 6 scrolls of teleportation
 j - 2 scrolls of enchant weapon
 n - a scroll of immolation
 q - 2 scrolls of remove curse
 t - 5 scrolls of enchant armour
 x - a scroll of magic mapping
 y - a scroll of holy word {unknown}
 A - 2 scrolls of random uselessness {unknown}
 C - a scroll of fog {unknown}
 D - a scroll of brand weapon {unknown}
 F - 2 scrolls of blinking {unknown}
 H - 2 scrolls of amnesia {unknown}
 J - a scroll of fear {unknown}
Potions
 a - 2 potions of mutation {unknown}
 c - a potion of flight {unknown}
 k - 3 potions of might {unknown}
 l - 2 potions of attraction
 o - 4 potions of haste
 r - 5 potions of heal wounds
 s - 2 potions of degeneration {unknown}
 z - 4 potions of curing
 B - a potion of ambrosia {unknown}
 K - a potion of cancellation {unknown}
 Q - a potion of brilliance {unknown}


   Skills:
 - Level 12.3 Short Blades
 + Level 8.8 Dodging
 * Level 16.9 Stealth
 - Level 4.0 Spellcasting
 * Level 11.8 Hexes
 - Level 2.1 Invocations


You had 7 spell levels left.
You knew the following spells:

 Your Spells              Type           Power        Failure   Level
a - Corona                Hex            68%          1%          1
b - Ensorcelled Hibernat  Hex/Ice        74%          1%          2
c - Confusing Touch       Hex            62%          1%          3
d - Dazzling Flash        Conj/Hex       74%          2%          3
e - Tukima's Dance        Hex            62%          1%          3

Your spell library contained the following spells:

 Spells                   Type           Power        Failure   Level


Dungeon Overview and Level Annotations

Branches:
Dungeon (11/15)            Temple (0/1) D:7            Lair (2/6) D:11
    Orc (0/2) D:10        Gauntlet (1/1)
  Swamp: Lair:2-4    Shoals: Lair:2-4     Snake: Lair:2-4    Spider: Lair:2-4

Altars:
Cheibriados
Dithmenos
Fedhas
Hepliaklqana
Makhleb
Nemelex Xobeh
Okawaru
Qazlal
Trog
Uskayaw
Zin

Shops:
D:6 =

Annotations:
D:5 2 runed translucent doors, Exporg's ghost, novice FoFi
D:8 2 transporters, exclusion: oklob plant, lasso's ghost, novice PaFi
Lair:1 exclusion: 4 oklob plants Gauntlet 7 transporters, exclusion: 2 lightning spires


Innate Abilities, Weirdness & Mutations

You are very small and have problems with some larger weapons.
You are too small for most types of armour.
You have supernaturally acute eyesight. (SInv)
You cover ground extremely quickly.


Message History

The redback misses you. x3
Casting: Ensorcelled Hibernation (safe; 1% risk of failure)
Confirm with . or Enter, or press ? or * to list all spells.
Aiming: Ensorcelled Hibernation (safe; 1% risk of failure)
Press: ? - help, Shift-Dir - straight line, f - moth of wrath
Aim: a moth of wrath (umbra, chance to affect: 48%)
The redback is unaffected.
The wolf spider hisses angrily.
The redback completely misses you. The redback barely misses you.
The moth of wrath bites you! The redback bites you.
You are poisoned.
The redback poisons you!
You feel sick. The redback completely misses you.
You feel sick. The moth of wrath bites you.
You feel sick.
You feel sick. The redback completely misses you.
You feel sick.
The moth of wrath goads the redback on!
The redback goes berserk!
The wolf spider hits you!!
You die...

#8#..#...QQ....#...#..?
###..###########...####
#.....#.©.#....≈§...#
###...8.#...#..§§8§...#
#8#.....#.©.#...§§.§..#
###..###########...####
#..#.........#...#...
###..#.........#...#h..
#8#..#@.#...#..#...#..#
###..#ss.......#...#.#.
#..#s...©....#...##..
###..#sy.......#...#..#
#8#..#..#...#..#...#.#.
###..#.........#...##.8
#..#...)©.}..#...#!?#
##..###########...####
#8#....................


You could see a wolf spider, a moth of wrath and 3 redbacks.

Vanquished Creatures
  2 hydras
  A death yak (Lair:1)
  Nergalle (D:11)
  A wizard (Gauntlet)
  2 ugly things
  Maurice (D:10)
  2 cane toads (Lair:1)
  5 komodo dragons
  A troll (D:11)
  A tengu conjurer (Gauntlet)
  A polar bear (Lair:1)
  2 hornets
  4 blink frogs (Lair:1)
  A wyvern (Lair:2)
  8 yaks
  A wraith (D:10)
  Sigmund (D:4)
  Eustachio (D:4)
  2 basilisks (Lair:1)
  3 steam dragons
  3 water moccasins
  2 orc warriors
  3 ice beasts
  2 sky beasts (D:9)
  2 black bears
  A necrophage (D:9)
  An eye of draining (D:9)
  5 ogres
  4 phantoms
  6 wolves (Lair:2)
  4 centaurs
  A big kobold (D:8)
  12 bullfrogs
  A wyvern skeleton (D:6)
  7 scorpions
  A troll zombie (D:10)
  4 killer bees (D:7)
  9 wights
  4 howler monkeys
  An electric eel (Lair:1)
  A bullfrog zombie (D:11)
  A hound (D:8)
  3 jellies
  A gnoll shaman (D:10)
  4 orc priests
  5 bullfrog skeletons
  2 centaur skeletons
  2 iguanas
  12 orc wizards
  7 worker ants
  5 ogre zombies (D:10)
  A hound zombie (D:10)
  4 gnolls (D:10)
  6 adders
  2 shadow imps
  4 ufetubi
  2 oozes
  An adder skeleton (D:4)
  5 dart slugs
  2 leopard geckos
  31 orcs
  3 giant cockroaches
  11 hobgoblins
  7 jackals
  3 quokkas
  A ball python (D:3)
  3 bats (D:2)
  5 frilled lizards
  2 goblins
  4 goblin zombies (D:10)
  A hobgoblin skeleton (D:10)
  2 hobgoblin zombies (D:10)
  A jackal skeleton (D:4)
  9 kobolds
  An orc skeleton (D:10)
  11 orc zombies (D:10)
  A quokka zombie (D:9)
  6 rats
286 creatures vanquished.

Vanquished Creatures (others)
  An orc (D:9)
  61 fungi
  75 plants
137 creatures vanquished.

Grand Total: 423 creatures vanquished

Notes
Turn   | Place    | Note
-------+----------+-------------------------------------------
     0 | D:1      | DearestLeader the Spriggan Enchanter began the quest for
                  | the Orb.
     0 | D:1      | Reached XP level 1. HP: 9/9 MP: 5/5
   338 | D:1      | Reached XP level 2. HP: 6/13 MP: 6/6
   383 | D:1      | Learned a level 2 spell: Ensorcelled Hibernation
  1017 | D:2      | Reached skill level 5 in Stealth
  1054 | D:2      | Reached XP level 3. HP: 16/16 MP: 5/8
  2073 | D:2      | Learned a level 3 spell: Confusing Touch
  2597 | D:3      | Reached XP level 4. HP: 21/21 MP: 9/9
  2718 | D:3      | Found a burning altar of Makhleb.
  3390 | D:4      | Noticed Eustachio
  3435 | D:4      | Noticed Sigmund
  3435 | D:4      | Noticed an ogre
  3436 | D:4      | Killed Sigmund
  3437 | D:4      | Reached skill level 5 in Short Blades
  3437 | D:4      | Reached skill level 6 in Stealth
  3437 | D:4      | Reached XP level 5. HP: 10/24 MP: 5/10
  3793 | D:4      | Killed Eustachio
  3794 | D:4      | Reached skill level 7 in Stealth
  3794 | D:4      | Reached XP level 6. HP: 15/28 MP: 2/11
  3798 | D:4      | Learned a level 3 spell: Dazzling Flash
  4204 | D:4      | Reached XP level 7. HP: 32/32 MP: 5/12
  4437 | D:5      | Entered Level 5 of the Dungeon
  4532 | D:4      | Reached skill level 8 in Stealth
  4760 | D:4      | Reached skill level 5 in Hexes
  5083 | D:4      | Found a shadowy altar of Dithmenos.
  5083 | D:4      | Found a sparkling altar of Nemelex Xobeh.
  5084 | D:4      | Found a bloodstained altar of Trog.
  5084 | D:4      | Found a snail-covered altar of Cheibriados.
  5090 | D:4      | Became a worshipper of Dithmenos the Shadowed
  5180 | D:4      | Found a glowing silver altar of Zin.
  5762 | D:5      | Found a hide-covered altar of Uskayaw.
  5810 | D:5      | Reached skill level 9 in Stealth
  5810 | D:5      | Reached XP level 8. HP: 36/36 MP: 10/13
  6039 | D:5      | Found a large runed translucent door.
  6040 | D:5      | Found a large runed translucent door.
  6043 | D:5      | Noticed Exporg's ghost (novice FoFi)
  6911 | D:6      | Reached skill level 10 in Stealth
  7291 | D:6      | Found Ewit's Jewellery Boutique.
  7646 | D:7      | Reached * piety under Dithmenos
  8124 | D:7      | Reached XP level 9. HP: 39/39 MP: 7/14
  8325 | D:7      | Found a staircase to the Ecumenical Temple.
  8328 | D:7      | Got a bloodstained robe
  8338 | D:7      | Identified the +1 robe "Giuh Deinku" {Regen+ Int+5} (You
                  | found it on level 7 of the Dungeon)
  8563 | D:8      | Reached skill level 10 in Short Blades
  8719 | D:8      | Reached skill level 11 in Stealth
  9228 | D:8      | Found an iron altar of Okawaru.
  9296 | D:8      | Found a transporter.
  9296 | D:8      | Noticed lasso's ghost (novice PaFi)
  9323 | D:8      | Found a transporter.
  9614 | D:8      | Found a blossoming altar of Fedhas.
  9617 | D:8      | Noticed an oklob plant
  9817 | D:9      | Reached skill level 12 in Stealth
 10033 | D:9      | Reached XP level 10. HP: 44/44 MP: 15/15
 10044 | D:9      | Reached ** piety under Dithmenos
 10205 | D:9      | Found a hazy altar of Hepliaklqana.
 10574 | D:10     | Entered Level 10 of the Dungeon
 10992 | D:10     | Found a staircase to the Orcish Mines.
 11255 | D:10     | Reached *** piety under Dithmenos
 11680 | D:10     | Learned a level 3 spell: Tukima's Dance
 12118 | D:10     | Noticed a purple ugly thing
 12125 | D:10     | Killed a purple ugly thing
 12280 | D:11     | Noticed Maurice
 12291 | D:10     | Killed Maurice
 12292 | D:10     | Reached skill level 13 in Stealth
 12292 | D:10     | Reached skill level 1 in Invocations
 12625 | D:11     | Noticed a red ugly thing
 12635 | D:11     | Killed a red ugly thing
 12644 | D:11     | Reached XP level 11. HP: 47/47 MP: 2/18
 12818 | D:11     | Reached skill level 10 in Hexes
 12820 | D:11     | Reached **** piety under Dithmenos
 12912 | D:11     | Reached skill level 5 in Dodging
 12912 | D:11     | Reached skill level 14 in Stealth
 13183 | D:11     | Found a staircase to the Lair.
 13189 | D:11     | Noticed Nergalle
 13195 | D:11     | Noticed a spectral orc warlord
 13220 | D:11     | Killed Nergalle
 13309 | D:11     | Noticed a skeletal warrior
 13315 | D:11     | Noticed a skeletal warrior
 13326 | Lair:1   | Entered Level 1 of the Lair of Beasts
 13614 | Lair:1   | Reached skill level 15 in Stealth
 13749 | Lair:1   | Found a stormy altar of Qazlal.
 14360 | Lair:1   | Noticed an oklob plant
 14360 | Lair:1   | Noticed an oklob plant
 14360 | Lair:1   | Noticed an oklob plant
 14360 | Lair:1   | Noticed an oklob plant
 14495 | Lair:1   | Reached skill level 16 in Stealth
 14527 | Lair:1   | Noticed a seven-headed hydra
 14532 | Lair:1   | Killed a seven-headed hydra
 14799 | Lair:2   | Noticed a death yak
 14799 | Lair:2   | Noticed a death yak
 14802 | Lair:2   | Noticed a death yak
 14818 | Lair:1   | Killed a death yak
 15023 | Lair:2   | Noticed a catoblepas
 15217 | Lair:2   | Noticed a four-headed hydra
 15225 | Lair:2   | Killed a four-headed hydra
 15226 | Lair:2   | Reached XP level 12. HP: 51/51 MP: 14/19
 15290 | Lair:2   | Found a gate leading to a gauntlet.
 15302 | Gauntlet | Entered a Gauntlet
 15302 | Gauntlet | Found a transporter.
 15302 | Gauntlet | Found a transporter.
 15302 | Gauntlet | Found a transporter.
 15305 | Gauntlet | Found a transporter.
 15308 | Gauntlet | Found a transporter.
 15308 | Gauntlet | Found a transporter.
 15314 | Gauntlet | Noticed a death ooze
 15322 | Gauntlet | Found a transporter.
 15323 | Gauntlet | Found a transporter.
 15336 | Gauntlet | Found a transporter.
 15426 | Gauntlet | Noticed a tengu warrior
 15435 | Gauntlet | Found a transporter.
 15438 | Gauntlet | Found a transporter.
 15449 | Gauntlet | Found a transporter.
 15765 | Gauntlet | Slain by a wolf spider

Illustrated notes

Levels and vault maps discovered:
D:1:      mrwooster_arrival_statue, layout_basic, amcnicky_mini_pool_small,
          serial_bayou_pond_b
D:2:      layout_loops_ring
D:3:      layout_rooms, overflow_temple_1_default
D:4:      layout_basic, lemuel_coloured_pillars_altar,
          chequers_temple_overflow_statue_of_worship, minmay_misc_feat_pillars,
          minmay_misc_feat_roman, uniq_sigmund, uniq_eustachio
D:5:      layout_gridville, eat_drink_and_be_merry_uskayaw,
          ebering_ghost_disaster_area, nrook_loot_triangle, eino_tiny_chamber
D:6:      layout_rooms, serial_shops, nicolae_shop_waterfront
D:7:      layout_basic, minmay_temple_entry_nine_rooms
D:8:      layout_rooms, lemuel_crystal_altar, gammafunk_ghost_smash,
          hangedman_tree_tricks
D:9:      layout_loops_ring, lemuel_crystal_altar, nrook_campfire
D:10:     layout_roguey, zombieorc1_lemuel, kennysheep_generic_room_14
D:11:     layout_irregular_city, due_lair_maze_entry_diamond, minmay_puff,
          uniq_nergalle, uniq_psyche, uniq_maurice
Lair:1:   layout_regular_city, basic_altar, st_stairs_6, guppyfry_lair_drakes,
          infiniplex_staircase_pool, lemuel_fruit_tree,
          minmay_lair_oklob_chamber
Lair:2:   layout_chaotic_city, elwin_shoals_entry_rooms, gauntlet_entry_generic,
          chequers_serial_rivers_small_b, lemuel_fruit_fields,
          serial_bayou_shore_b
Gauntlet: gammafunk_gauntlet_hard_choice [nicolae_gauntlet_swirl,
          nicolae_gauntlet_arena_t_cross, gammafunk_gauntlet_arena_grid,
          gammafunk_gauntlet_arena_chambers, gammafunk_gauntlet_arena_hedges,
          gammafunk_gauntlet_arena_arrow_garden, gauntlet_exit_spiral]

Skill      XL: |  1  2  3  4  5  6  7  8  9 10 11 |
---------------+----------------------------------+-----
Short Blades   | 2 3 5 6 7 9 11 12 | 12.3
Hexes          | 4 5 7 8 9 11 | 11.8
Stealth        | 5 6 7 9 10 12 13 16 | 16.9
Spellcasting   | 4 |  4.0
Invocations    | 2 |  2.1
Dodging        | 4 8 |  8.8

Action                   |  1- 3 |  4- 6 |  7- 9 | 10-12 || total
-------------------------+-------+-------+-------+-------++-------
Melee: Dagger            |    99 |    43 |   318 |   371 ||   831
 Fire: Hunting sling     |    12 |       |     3 |       ||    15
 Cast: Corona            |     6 |       |     1 |       ||     7
       Ensorcelled Hiber |    36 |    25 |    74 |   145 ||   280
       Confusing Touch   |       |     2 |    27 |    23 ||    52
       Dazzling Flash    |       |       |     2 |     2 ||     4
  Use: Scroll            |     1 |     1 |     6 |     4 ||    12
 Stab: Sleeping          |    31 |    14 |    56 |    93 ||   194
       Confused          |       |     2 |    25 |    23 ||    50
       Distracted        |       |     1 |     3 |     5 ||     9
       Invisible         |       |       |     2 |       ||     2
Armor: Robe              |     9 |     9 |    17 |    21 ||    56
Dodge: Dodged            |    78 |    52 |   151 |   183 ||   464
